 Dungeon Crawl Stone Soup version 0.19.1 (webtiles) character file.

7432 Dolanko the Nimble (level 10, -8/51 HPs)
             Began as a Spriggan Assassin on Dec 25, 2016.
             Was a Priest of Dithmenos.
             Splashed by an oklob plant's acid (20 damage)
             ... on level 1 of the Lair of Beasts.
             The game lasted 00:21:56 (12215 turns).

Dolanko the Nimble (Spriggan Assassin)             Turns: 12215, Time: 00:21:57

Health: -8/51      AC:  1    Str: 13    XL:     10   Next: 93%
Magic:  11/11      EV: 27    Int: 14    God:    Dithmenos [***...]
Gold:   663        SH:  0    Dex: 17    Spells: 0 memorised, 9 levels left

rFire  . . .     SeeInvis +     q - +0 dagger (elec)
rCold  . . .     Gourm    .     c - +0 robe
rNeg   . . .     Faith    .     (shield restricted)
rPois  .         Spirit   .     K - +2 hat
rElec  .         Reflect  .     d - +0 cloak
rCorr  .         Harm     +     (gloves unavailable)
MR     +....                    (boots unavailable)
Stlth  +++++.....               I - amulet of harm
                                (no ring)
                                J - +3 ring of strength

@: corroded, wreathed by umbra, very quick
A: unfitting armour, see invisible, herbivore 3, speed 3, slow metabolism 2
a: Shadow Step, Renounce Religion


You were on level 1 of the Lair of Beasts.
You worshipped Dithmenos.
Dithmenos was most pleased with you.
You were full.

You visited 3 branches of the dungeon, and saw 12 of its levels.

You collected 663 gold pieces.

Inventory:

Hand Weapons
 a - a +2 dagger
 b - a +2 blowgun
 q - a +0 dagger of electrocution (weapon)
 A - a +1 antimagic short sword
 B - the +2 hand crossbow "Weky" {venom, Str+2}
   (You acquired it on level 1 of the Lair of Beasts)

   It poisons the ammo it fires.
   It affects your strength (+2).
Missiles
 S - 5 poisoned needles (quivered)
Armour
 c - a +0 robe (worn)
 d - a +0 cloak (worn)
 K - a +2 hat (worn)
Jewellery
 o - an uncursed ring of fire
 I - an amulet of harm (around neck)
 J - a +3 ring of strength (left hand)
Wands
 e - a wand of digging (11/24)
 f - a wand of flame (30/48)
 m - a wand of random effects (26/48)
 p - a wand of acid (2/15)
 L - a wand of disintegration (8/24)
 P - a wand of iceblast (5/15)
 R - a wand of paralysis (14/24)
 W - a wand of digging (12/24)
Scrolls
 j - 2 scrolls of teleportation
 k - 9 scrolls of identify
 n - 5 scrolls of remove curse
 r - 2 scrolls of immolation
 u - a scroll of fog
 y - 2 scrolls of blinking
 G - 3 scrolls of magic mapping
 H - 4 scrolls of fear
Potions
 h - 10 potions of curing
 i - a potion of lignification {unknown}
 l - a potion of heal wounds
 s - a potion of degeneration {unknown}
 t - a potion of magic {unknown}
 w - a potion of cancellation {unknown}
 x - a potion of cure mutation {unknown}
 z - 2 potions of haste
 D - a potion of flight {unknown}
 E - a potion of might {unknown}
 F - 2 potions of berserk rage {unknown}
 M - a potion of brilliance {unknown}
 N - a potion of invisibility {unknown}
 O - a potion of resistance {unknown}
Miscellaneous
 V - a phantom mirror
Comestibles
 g - 5 bread rations
 v - a slice of pizza
 X - a royal jelly


   Skills:
 - Level 5.2 Fighting
 + Level 9.6 Short Blades
 + Level 8.6 Throwing
 + Level 4.6 Armour
 + Level 11.4 Dodging
 - Level 6.2 Stealth


You had 9 spell levels left.
You didn't know any spells.

Dungeon Overview and Level Annotations

Branches:
Dungeon (10/15)            Temple (1/1) D:4            Lair (1/6) D:8
    Orc: D:9-12

Altars:
Ashenzari
Cheibriados
Dithmenos
Elyvilon
Fedhas
Gozag
Hepliaklqana
Kikubaaqudgha
Makhleb
Nemelex Xobeh
Okawaru
Qazlal
Ru
Sif Muna
Trog
Uskayaw
Vehumet
Xom
Yredelemnul
Zin
The Shining One

Annotations:
Lair:1 exclusion: 3 oklob plants


Innate Abilities, Weirdness & Mutations

You are very small and have problems with some larger weapons.
You are too small for most types of armour.
You have supernaturally acute eyesight. (SInv)
You are a herbivore.
You cover ground extremely quickly.
You need consume almost no food.


Message History

Here: an oklob plant (hasn't noticed you)
The floor.
Press: ? - help, v - describe, . - travel, g - get item A poisoned needle.
An open door.
This square is wreathed by an umbra.
You don't know any spells.
S - 4 poisoned needles (gained 1)
Found three stone staircases leading down.
You found a teleport trap!
You see here a poisoned needle.
S - 5 poisoned needles (gained 1)
The oklob plant spits acid at you. The splash of acid hits you!
The acid corrodes you!
You are splashed with acid!
The acid burns!
The oklob plant spits acid at you. The splash of acid hits you!
* * * LOW HITPOINT WARNING * * *
You are splashed with acid!
The acid burns!
You die... .....## ######## #..# .....# #PPPPPP#

##.## .....###### #≈≈≈≈≈≈####..#
### ..##......#
#≈....≈#....######.#
####..##..###......#.......÷...#
##.######>.......#..[..#######
#^.# #>.......'....## ##.#
#>.^.....#....## ##.#
###...@..#.....# #..##
#≈.(..≈#.<..## ###..P#####
#≈(≈≈≈≈###..# ..........#


#PPPPPP# ##.# ##.######## ######## #..# ### #(# #..# ##.# ##.# #..# #.# ##.#
#.## You could see 3 oklob plants.

Vanquished Creatures
  A black mamba (Lair:1)
  Joseph (D:9)
  2 komodo dragons (Lair:1)
  Grinder (D:5)
  4 hippogriffs
  Sigmund (D:2)
  Eustachio (D:5)
  Grum (D:8)
  2 hungry ghosts
  2 porcupines (Lair:1)
  An orc warrior (D:9)
  3 ice beasts
  A phantom (D:4)
  A sky beast (D:9)
  4 ogres
  7 wolves
  2 eyes of draining (D:4)
  7 centaurs
  3 crocodiles (Lair:1)
  A big kobold (D:7)
  5 bullfrogs
  A wyvern skeleton (D:9)
  A scorpion (D:7)
  4 killer bees (D:9)
  5 crimson imps
  A centaur zombie (D:5)
  6 hounds
  5 orc priests
  Crazy Yiuf (D:4)
  2 jellies
  4 bullfrog skeletons
  2 centaur skeletons
  Ijyb (D:2)
  2 iguanas
  6 orc wizards
  4 worker ants
  A killer bee zombie (D:7)
  A hound skeleton (D:8)
  4 gnolls (D:7)
  7 adders
  A shadow imp (D:5)
  An ooze (D:2)
  2 adder zombies
  A worm (D:4)
  A dart slug (D:4)
  4 leopard geckos
  34 orcs
  7 giant cockroaches
  6 goblins
  6 hobgoblins
  8 jackals
  11 kobolds
  3 quokkas
  2 ball pythons
  3 bats
  12 frilled lizards
  A jackal zombie (D:5)
  A leopard gecko skeleton (D:6)
  2 rats (D:3)
  A fungus (D:4)
216 creatures vanquished.

Notes
Turn   | Place    | Note
-------+----------+-------------------------------------------
     0 | D:1      | Dolanko the Spriggan Assassin began the quest for the Orb.
     0 | D:1      | Reached XP level 1. HP: 10/10 MP: 2/2
   158 | D:1      | Reached XP level 2. HP: 13/15 MP: 3/3
   606 | D:2      | Noticed Sigmund
   610 | D:2      | Killed Sigmund
   610 | D:2      | Reached skill level 3 in Dodging
   610 | D:2      | Reached XP level 3. HP: 19/19 MP: 4/4
   610 | D:2      | Reached XP level 4. HP: 23/23 MP: 5/5
   610 | D:2      | Reached XP level 5. HP: 27/27 MP: 6/6
   719 | D:2      | Noticed Ijyb
   726 | D:2      | Killed Ijyb
  1498 | D:3      | Reached skill level 4 in Dodging
  1498 | D:3      | Reached XP level 6. HP: 18/32 MP: 7/7
  2171 | D:4      | Found a bloodstained altar of Trog.
  2253 | D:4      | Reached skill level 5 in Dodging
  2270 | D:4      | Reached XP level 7. HP: 36/36 MP: 1/8
  2289 | D:4      | Found a staircase to the Ecumenical Temple.
  2333 | Temple   | Entered the Ecumenical Temple
  2862 | D:4      | Reached skill level 5 in Short Blades
  2924 | D:4      | Found an opulent altar of Gozag.
  3542 | D:4      | Found a runed door.
  3546 | D:4      | Noticed Crazy Yiuf
  3550 | D:4      | Killed Crazy Yiuf
  3550 | D:4      | Reached skill level 6 in Dodging
  3576 | D:5      | Entered Level 5 of the Dungeon
  3605 | D:5      | Found a basalt altar of Yredelemnul.
  3606 | D:5      | Found a deep blue altar of Sif Muna.
  3610 | D:5      | Reached skill level 5 in Throwing
  3610 | D:5      | Reached XP level 8. HP: 42/42 MP: 9/9
  3612 | D:5      | Found a shadowy altar of Dithmenos.
  3613 | D:5      | Found a sacrificial altar of Ru.
  3615 | D:5      | Became a worshipper of Dithmenos the Shadowed
  3620 | D:5      | Found a white marble altar of Elyvilon.
  3656 | D:5      | Noticed Grinder
  3687 | D:5      | Paralysed by Grinder for 3 turns
  3718 | D:5      | Killed Grinder
  3830 | D:5      | Noticed Eustachio
  3834 | D:5      | Killed Eustachio
  3834 | D:5      | Reached skill level 7 in Dodging
  4625 | D:5      | Reached skill level 5 in Fighting
  4625 | D:5      | Reached skill level 8 in Dodging
  5251 | D:6      | Found a shadowy altar of Dithmenos.
  5969 | D:7      | Reached XP level 9. HP: 47/47 MP: 10/10
  6044 | D:7      | Reached * piety under Dithmenos
  6596 | D:7      | Reached skill level 1 in Armour
  6731 | D:7      | Reached skill level 9 in Dodging
  7046 | D:8      | Noticed Grum
  7625 | D:8      | Reached ** piety under Dithmenos
  7676 | D:8      | Found a staircase to the Lair.
  7892 | D:8      | Killed Grum
  7988 | D:9      | Found a shattered altar of Ashenzari.
  8054 | D:9      | Reached skill level 10 in Dodging
  8054 | D:9      | Reached XP level 10. HP: 43/51 MP: 11/11
  9541 | D:9      | Noticed Joseph
  9559 | D:9      | Killed Joseph
  9827 | D:10     | Entered Level 10 of the Dungeon
  9840 | D:10     | Noticed a hill giant
  9850 | D:10     | Noticed a hill giant
  9864 | D:9      | Reached *** piety under Dithmenos
 10029 | Lair:1   | Entered Level 1 of the Lair of Beasts
 10279 | Lair:1   | Identified a scroll of acquirement
 10280 | Lair:1   | Got a jewelled hand crossbow
 10504 | Lair:1   | Identified the +2 hand crossbow "Weky" {venom, Str+2} (You acquired it on level 1 of the Lair of Beasts)
 10586 | Lair:1   | Reached skill level 11 in Dodging
 11786 | Lair:1   | Noticed an oklob plant
 11786 | Lair:1   | Noticed a black mamba
 11825 | Lair:1   | Killed a black mamba
 12210 | Lair:1   | Noticed an oklob plant
 12210 | Lair:1   | Noticed an oklob plant
 12215 | Lair:1   | Splashed by an oklob plant's acid

Skill      XL: |  1  2  3  4  5  6  7  8  9 10 |
---------------+-------------------------------+-----
Stealth        | 6 |  6.2
Short Blades   | 3 4 5 6 8 9 |  9.6
Fighting       | 2 3 4 5 |  5.2
Throwing       | 3 4 5 6 7 8 |  8.6
Dodging        | 3 4 5 6 8 10 11 | 11.4
Armour         | 3 4 |  4.6

Action                   |  1- 3 |  4- 6 |  7- 9 | 10-12 || total
-------------------------+-------+-------+-------+-------++-------
Melee: Dagger            |    70 |   100 |   400 |   375 ||   945
       Short sword       |       |    37 |    79 |       ||   116
 Fire: Blowgun           |     5 |    36 |    20 |    28 ||    89
Evoke: Wand              |       |       |       |     5 ||     5
  Use: Scroll            |       |     1 |     3 |    13 ||    17
       Potion            |       |       |       |     4 ||     4
 Stab: Sleeping          |     6 |    11 |    23 |     4 ||    44
  Eat: Bread ration      |       |       |     2 |     1 ||     3
       Royal jelly       |       |       |       |     1 ||     1
       Fruit             |       |       |       |     1 ||     1
Armor: Robe              |     6 |     4 |    16 |     7 ||    33
Dodge: Dodged            |    61 |    77 |   334 |   289 ||   761
